 Dungeon Crawl Stone Soup version 0.22-a0-580-gd5db89c09a (webtiles) character file.

2 M4edhros the Grave Robber (level 1, -4/11 HPs)
             Began as an Octopode Necromancer on July 2, 2018.
             Slain by a worm (12 damage)
             ... on level 3 of the Dungeon.
             The game lasted 00:00:22 (169 turns).

M4edhros the Grave Robber (Octopode Necromancer)     Turns: 169, Time: 00:00:22

Health: -4/11      AC:  1    Str:  7    XL:     1   Next: 30%
Magic:  3/3        EV: 13    Int: 17    God:
Gold:   4          SH:  0    Dex: 12    Spells: 2/4 levels left

rFire    . . .     SeeInvis .   (no weapon)
rCold    . . .     Gourm    .   (no shield)
rNeg     . . .     Faith    .   (helmet restricted)
rPois    .         Spirit   .   (no amulet)
rElec    .         Reflect  .   (no ring)
rCorr    .         Harm     .   (no ring)
MR       .....                  (no ring)
Stlth    +++.......             (no ring)
HPRegen  0.03/turn              (no ring)
MPRegen  0.08/turn              (no ring)
                                (no ring)
                                (no ring)

@: no status effects
A: almost no armour, stealthy swim, amphibious, 8 rings, constrict 8, camouflage
1, gelatinous body 1
a: no special abilities


You were on level 3 of the Dungeon.
You were not hungry.

You visited 1 branch of the dungeon, and saw 3 of its levels.

You collected 4 gold pieces.

Inventory:

Scrolls
 a - a scroll of remove curse {unknown}
Comestibles
 b - 2 rations


   Skills:
 - Level 2.0 Dodging
 - Level 2.6 Stealth
 + Level 0.6 Unarmed Combat
 - Level 2.0 Spellcasting
 - Level 4.0 Necromancy


You had 2 spell levels left.
You knew the following spells:

 Your Spells              Type           Power        Failure   Level  Hunger
a - Pain                  Necr           ###.         3%          1    #......
b - Animate Skeleton      Necr           N/A          3%          1    #......

Your spell library contained the following spells:

 Spells                   Type           Power        Failure   Level  Hunger
 Animate Dead             Necr           N/A          36%         4    #####..
 Vampiric Draining        Necr           ###.......   11%         3    ###....
 Regeneration             Chrm/Necr      #.........   26%         3    ###....


Dungeon Overview and Level Annotations

Branches:
Dungeon (3/15)

Altars:


Innate Abilities, Weirdness & Mutations

You cannot wear most types of armour.
You are very stealthy in the water. (Stealth+)
You are amphibious.
You can wear up to eight rings at the same time.
You can use your tentacles to constrict eight enemies at once.
Your skin changes colour to match your surroundings (Stealth+).
Your rubbery body absorbs attacks. (AC +1, EV +1)


Message History

Memorise Animate Skeleton, consuming 1 spell level and leaving 2?
You start memorising the spell.
You continue memorising.
You finish memorising.
Spell assigned to 'b'.
b - 2 rations (gained 1)
You open the door.
A worm and a dart slug come into view.
You barely miss the worm. Your grab misses the worm. You squeeze the worm!
The worm is heavily wounded.
You tentacle-slap the worm but do no damage.
You grab the worm.
The worm is heavily wounded.
You constrict the worm. The worm bites you.
You tentacle-slap the worm but do no damage.
The worm is heavily wounded.
You constrict the worm. You tentacle-slap the worm.
The worm is severely wounded.
You constrict the worm. The worm bites you!
Ouch! That really hurt!
You die...

.......#
############w.....
#..........#.w...
+......<...# ...
#..........# #'####
#..........# #....#
#..........# #....#
#####'########....#
#.....@w....###
#..##.......#
#..##.......#
#..##.......#
#..##.......#
#..########## #..#
#...


You could see a worm.

Vanquished Creatures
  A hobgoblin (D:3)
  A rat (D:1)
2 creatures vanquished.

Notes
Turn   | Place    | Note
-------+----------+-------------------------------------------
     0 | D:1      | M4edhros the Octopode Necromancer began the quest for the Orb.
     0 | D:1      | Reached XP level 1. HP: 11/11 MP: 3/3
   136 | D:3      | Learned a level 1 spell: Animate Skeleton
   169 | D:3      | Slain by a worm

Vault maps used:
D:1:      dpeg_arrival_castle, minmay_misc_feat_ornament,
          hangedman_decor_riveting
D:2:      minmay_pentomino_t4
D:3:      first_ration

Action                   || total
-------------------------++-------
Melee: Unarmed           ||    11
       Constrict         ||     3
       Tentacles         ||     2
 Stab: Sleeping          ||     1
Dodge: Dodged            ||     3

Table legend:
 A = Spawn XP
 B = Non-spawn XP
 C = Spawn XP percentage of total XP
 D = Spawn monster count
 E = Non-spawn monster count
 F = Spawn count percentage of total count
 G = Total turns spent on level
                    A         B        C        D         E        F      G
               +---------+---------+-------+---------+---------+-------+---------
         Total |       0 |       3 |   0.0 |       0 |       2 |   0.0 |   169
               +---------+---------+-------+---------+---------+-------+---------
           D:1 |       0 |       1 |   0.0 |       0 |       1 |   0.0 |    46
           D:3 |       0 |       2 |   0.0 |       0 |       1 |   0.0 |    52
               +---------+---------+-------+---------+---------+-------+---------
